AoeStats
← Tom Jogo🚬

Black Forest

507373654Analyzed
4v4 RM · 1mo ago on Sep 17, 2026· 69m 57s· 8 players
Game mode
Random Map
Map size
Large (8 player)
Population
200
Speed
Normal
Resources
Standard
Victory
Conquest
Starting age
Dark Age
Ending age
Imperial Age
RankedLock teamsTeams togetherTeam positionsShared explorationLock speedFull tech treeHidden civsTurbo modeCheats
Victory
Defeat
🇦🇷 Bohemians · Argentina
829
+11
🇦🇷 Tatars · Argentina
827
+11
🇦🇷 Persians · Argentina
816
+11
🇦🇷 Portuguese · Argentina
800
+12
vs
751
-12
🇨🇱 Jurchens · Chile
727
-12
🇺🇸 Huns · United States
694
-11
🇲🇽 Vietnamese · Mexico
688
-10
santiagocasabsalado
11:48 Feudal Age
12:44 Double-Bit Axe
12:44 Horse Collar
12:57 Gold Mining
12:58 Stone Mining
19:47 Wheelbarrow
24:24 Castle Age
25:38 Hand Cart
25:27 Heavy Plow
25:40 Bow Saw
26:13 Bloodlines
26:06 Squires
25:27 Pikeman
27:10 Fletching
27:21 Padded Archer Armor
27:47 Caravan
28:11 Husbandry
33:48 Leather Archer Armor
33:28 Bodkin Arrow
33:39 Scale Barding Armor
33:45 Forging
34:04 Treadmill Crane
37:31 Imperial Age
34:52 Loom
34:53 Town Watch
38:03 Chain Barding Armor
38:19 Iron Casting
40:44 Chemistry
40:05 Ballistics
40:29 Halberdier
42:33 Elite Skirmisher
47:52 Crop Rotation
50:52 Elite Battle Elephant
51:19 Imperial Skirmisher
60:50 Plate Barding Armor
62:02 Bombard Tower
ZeroFuqsGiven
0:33 Loom
15:08 Feudal Age
20:11 Castle Age
20:01 Horse Collar
20:44 Double-Bit Axe
32:34 Gold Mining
32:27 Pikeman
34:04 Gold Shaft Mining
38:52 Imperial Age
37:03 Bow Saw
39:43 Forging
39:20 Halberdier
41:08 Heavy Plow
41:49 Wheelbarrow
41:49 Bloodlines
41:02 Light Cavalry
42:23 Hussar
43:12 Scale Barding Armor
48:47 Chain Barding Armor
49:09 Husbandry
49:39 Cavalier
52:31 Plate Barding Armor
52:28 Squires
59:31 Two-Man Saw
59:24 Scale Mail Armor
62:05 Iron Casting
Shalashaska
0:28 Loom
12:02 Feudal Age
12:50 Horse Collar
17:49 Town Watch
21:48 Castle Age
30:55 Scale Barding Armor
32:28 Town Patrol
36:46 Chain Barding Armor
36:37 Forging
36:20 Fletching
37:26 Heavy Plow
40:29 Wheelbarrow
43:13 Double-Bit Axe
44:47 Murder Holes
47:14 Husbandry
47:24 Bloodlines
46:36 Light Cavalry
47:36 Bow Saw
47:25 Gold Mining
49:05 Iron Casting
51:52 Imperial Age
54:04 Squires
56:17 Hussar
57:37 Plate Barding Armor
58:02 Heavy Rocket Cart
61:09 Chemistry
65:20 Hand Cart
69:40 Thunderclap Bombs
セバスティアン
7:38 Loom
11:39 Feudal Age
16:36 Castle Age
14:50 Fletching
16:29 Double-Bit Axe
16:53 Padded Archer Armor
17:40 Bodkin Arrow
20:25 Bow Saw
22:39 Horse Collar
31:04 Imperial Age
29:41 Leather Archer Armor
30:04 Ballistics
29:10 Crossbowman
32:48 Chemistry
31:54 Siege Engineers
31:52 Bracer
32:23 Ring Archer Armor
33:28 Wheelbarrow
32:20 Crossbowman
33:17 Thumb Ring
34:23 Gold Mining
34:04 Arbalester
36:59 Hand Cart
36:10 Elite Skirmisher
38:13 Forging
38:03 Scale Mail Armor
37:33 Capped Ram
40:17 Chain Mail Armor
40:37 Iron Casting
39:31 Siege Ram
42:33 Squires
43:20 Imperial Skirmisher
46:00 Blast Furnace
45:30 Plate Mail Armor
46:47 Plate Mail Armor
45:59 Halberdier
48:50 Two-Man Saw
51:44 Man-at-Arms
53:50 Gold Shaft Mining
53:05 Stone Mining
62:23 Torsion Engines
62:48 Conscription
Tom Jogo🚬
0:58 Loom
11:22 Feudal Age
14:10 Wheelbarrow
20:57 Horse Collar
23:37 Castle Age
24:52 Hand Cart
25:51 Double-Bit Axe
27:25 Stone Mining
27:32 Gold Mining
28:55 Bow Saw
28:48 Heavy Plow
32:13 Husbandry
32:24 Bloodlines
32:09 Fletching
32:25 Scale Barding Armor
33:24 Gold Shaft Mining
33:55 Caravan
34:25 Forging
34:12 Bodkin Arrow
34:38 Chain Barding Armor
38:21 Imperial Age
36:28 Ballistics
36:58 Iron Casting
36:24 Padded Archer Armor
38:52 Leather Archer Armor
38:50 Silk Armor
39:30 Heavy Cavalry Archer
41:38 Chemistry
41:18 Bracer
42:58 Blast Furnace
42:23 Elite Keshik
44:36 Plate Barding Armor
45:26 Conscription
47:42 Siege Engineers
48:48 Timurid Siegecraft
49:45 Crop Rotation
50:47 Plate Barding Armor
50:43 Ring Archer Armor
Piedra
0:42 Loom
11:56 Feudal Age
19:00 Castle Age
17:31 Double-Bit Axe
28:37 Wheelbarrow
29:09 Horse Collar
30:58 Squires
31:06 Heavy Plow
32:25 Hand Cart
36:40 Imperial Age
36:28 Chemistry
35:45 Bow Saw
37:06 Fortified Wall
37:20 Ballistics
38:33 Siege Engineers
45:39 Pikeman
46:20 Squires
46:06 Houfnice
47:19 Forging
47:09 Scale Mail Armor
46:43 Halberdier
49:19 Iron Casting
48:59 Chain Mail Armor
48:57 Masonry
56:14 Caravan
59:10 Blast Furnace
58:40 Plate Mail Armor
Monkinho
0:59 Loom
15:15 Feudal Age
23:30 Castle Age
21:41 Double-Bit Axe
21:49 Horse Collar
26:39 Heavy Plow
32:23 Bow Saw
32:06 Gold Mining
32:06 Stone Mining
33:44 Gold Shaft Mining
33:44 Stone Shaft Mining
34:12 Wheelbarrow
36:24 Hand Cart
40:30 Imperial Age
38:27 Forging
38:22 Scale Barding Armor
40:50 Iron Casting
41:14 Conscription
44:38 Blast Furnace
43:58 Chain Barding Armor
48:06 Devotion
49:35 Two-Man Saw
49:09 Crop Rotation
48:53 Caravan
48:53 Elite War Elephant
51:20 Plate Barding Armor
bolsa
11:04 Feudal Age
12:20 Wheelbarrow
11:31 Double-Bit Axe
11:28 Horse Collar
13:13 Gold Mining
18:09 Stone Mining
20:51 Castle Age
22:14 Heavy Plow
23:34 Bow Saw
24:07 Hand Cart
25:03 Stone Shaft Mining
31:46 Imperial Age
34:17 Padded Archer Armor
34:10 Fletching
35:33 Chemistry
34:59 Elite Organ Gun
38:23 Leather Archer Armor
38:07 Bodkin Arrow
39:19 Crop Rotation
55:57 Bombard Tower
Connection lost

Rejoining the realm…

Still unreachable

The connection could not be restored.

Session expired

The server has moved on; the page needs a fresh start.